 Dungeon Crawl Stone Soup version 0.27-a0-79-gcaaa221d37 (webtiles) character file.

Game seed: 7389047192112532323

86 LufLufFighter the Changer (level 4, -1/34 HPs)
             Began as a Merfolk Transmuter on Jan 14, 2021.
             Slain by Natasha (9 damage)
             ... on level 2 of the Dungeon.
             The game lasted 00:03:27 (2302 turns).

LufLufFighter the Changer (Merfolk Transmuter)      Turns: 2302, Time: 00:03:28

Health: -1/34      AC:  2    Str: 11    XL:     4   Next: 49%
Magic:  1/8        EV: 13    Int: 12    God:
Gold:   81         SH:  0    Dex: 14    Spells: 2/8 levels left

rFire    . . .     SeeInvis .     - Unarmed
rCold    . . .     Faith    .   (no shield)
rNeg     . . .     Spirit   .   a - +0 robe
rPois    .         Reflect  .   (no helmet)
rElec    .         Harm     .   (no cloak)
rCorr    .         Rampage  .   (no gloves)
Will     .....                  (no boots)
Stlth    +.........             (no amulet)
HPRegen  0.11/turn              (no ring)
MPRegen  0.11/turn              (no ring)

@: very slightly contaminated, slowed, very slow
A: change form in water, swift swim, stealthy swim
a: no special abilities


You were on level 2 of the Dungeon.
You visited 1 branch of the dungeon, and saw 2 of its levels.

You collected 81 gold pieces.

Inventory:

Armour
 a - a +0 robe (worn)
Scrolls
 b - 2 scrolls of remove curse {unknown}
 c - 2 scrolls of teleportation {unknown}
 e - a scroll of fog {unknown}
 f - a scroll of magic mapping {unknown}
 g - a scroll of identify {unknown}
Potions
 d - 2 potions of brilliance {unknown}
 h - a potion of attraction {unknown}
 i - a potion of ambrosia {unknown}


   Skills:
 * Level 2.5 Fighting
 - Level 2.6 Dodging
 - Level 3.2 Unarmed Combat
 * Level 2.8 Spellcasting
 * Level 4.0 Transmutations
 * Level 1.2 Poison Magic


You had 2 spell levels left.
You knew the following spells:

 Your Spells              Type           Power        Failure   Level
a - Beastly Appendage     Tmut           22%          4%          1
b - Wereblood             Tmut           11%          8%          2
c - Spider Form           Tmut/Pois      3%           26%         3

Your spell library contained the following spells:

 Spells                   Type           Power        Failure   Level
 Ice Form                 Ice/Tmut       6%           73%         4
 Blade Hands              Tmut           5%           80%         5


Dungeon Overview and Level Annotations

Branches:
Dungeon (2/15)

Altars:

Annotations:
D:2 Natasha


Message History

You are too injured to fight recklessly!
You closely miss Natasha.
Natasha is heavily wounded.
Natasha claws you.
You closely miss Natasha.
Natasha is heavily wounded.
Natasha drinks a potion.
Natasha is healed!
You closely miss Natasha. Natasha claws you.
* * * LOW HITPOINT WARNING * * *
Unknown command.
You miss Natasha. Natasha casts a spell at you.
You feel yourself slow down.
You hit Natasha.
Natasha is moderately wounded.
Natasha closely misses you.
You hit Natasha.
Natasha is severely wounded.
Natasha claws you!
You die...

.#.........##.#...#.#.#.#.. .
..........##.#.###.#.#.#.. ..
#........##.#.....#.#.#.# ...
#.....>...............†<.
....##....####.#.#.......#.#.#
..........####.#.#.##.........
...............#...#.........#
#######.############......).##
........##...@h5...#....).....
####.......#######>#........##
+.......'..... #####(†.#..
#.......###### #.......#.#
#######... ......#...... #....
#.....#...### ....).. #....
#.#.# ....... ..... #....
..###. #### ....#.


You could see Natasha and a white imp (summoned).

Vanquished Creatures
  Natasha (D:2)
  2 adders (D:2)
  2 dart slugs (D:1)
  2 leopard geckos
  4 bats
  4 hobgoblins
  6 kobolds
  5 frilled lizards
  6 goblins (D:1)
  6 rats
38 creatures vanquished.

Notes
Turn   | Place    | Note
-------+----------+-------------------------------------------
     0 | D:1      | LufLufFighter the Merfolk Transmuter began the quest for
                  | the Orb.
     0 | D:1      | Reached XP level 1. HP: 15/15 MP: 3/3
   458 | D:2      | Reached skill level 3 in Transmutations
   458 | D:2      | Reached XP level 2. HP: 19/21 MP: 3/5
   464 | D:2      | Learned a level 2 spell: Wereblood
   951 | D:1      | HP: 1/22 [kobold/+0 dagger of distortion (19)]
   957 | D:1      | Reached XP level 3. HP: 2/27 MP: 4/6
   961 | D:1      | Learned a level 3 spell: Spider Form
  1924 | D:2      | Noticed Natasha
  1959 | D:2      | Killed Natasha
  1960 | D:2      | Reached skill level 1 in Poison Magic
  1960 | D:2      | Reached XP level 4. HP: 29/34 MP: 3/8
  2173 | D:2      | Reached skill level 4 in Transmutations
  2283 | D:2      | Noticed Natasha
  2302 | D:2      | Slain by Natasha

Illustrated notes

Levels and vault maps discovered:
D:1:      tarquinn_simple_flora_water_e, layout_basic, minmay_misc_feat_roman
D:2:      layout_basic, general_overflow_altar, nrook_mini_vaults, uniq_natasha

Skill      XL: |  1  2  3  4 |
---------------+-------------+-----
Transmutations | 3 4 |  4.0
Fighting       | 2 |  2.5
Poison Magic   | 1 |  1.2
Dodging        | |  2.6
Unarmed Combat | |  3.2
Spellcasting   | |  2.8

Action                   |  1- 3 |  4- 6 || total
-------------------------+-------+-------++-------
Melee: Unarmed           |    97 |    35 ||   132
       Headbutt          |     9 |     4 ||    13
       Punch             |     3 |     1 ||     4
 Cast: Beastly Appendage |    21 |     2 ||    23
       Wereblood         |     1 |       ||     1
       Spider Form       |     1 |     1 ||     2
Armor: Robe              |    18 |     4 ||    22
       Skin              |       |     2 ||     2
Dodge: Dodged            |   100 |    29 ||   129

Table legend: (Time is in decaauts)
 A = Elapsed time spent in this place.
 B = Non-inter-level travel time spent in this place.
 C = Inter-level travel time spent in this place.
 D = Time resting spent in this place.
 E = Time spent auto-exploring this place.
 F = Levels seen in this place.
 G = Mean time per level.
                   A        B        C        D        E       F      G
               +--------+--------+--------+--------+--------+-----+--------+
         Total |   2297 |   2211 |     86 |   1143 |    741 |   2 | 1148.5 |
       Dungeon |   2297 |   2211 |     86 |   1143 |    741 |   2 | 1148.5 |
               +--------+--------+--------+--------+--------+-----+--------+

Top non-repeatable levels by time:
     D:1: 1462 daAuts
     D:2: 835 daAuts
